 Dungeon Crawl Stone Soup version 0.28.0-55-gcd9437bce4 (webtiles) character file.

Game seed: 2188202610330350476

1361715 jjjjhere the Wrestler (level 27, 258/264 HPs)
             Began as a Ghoul Fighter on Dec 8, 2022.
             Was the Champion of Nemelex Xobeh.
             Escaped with the Orb
             ... and 3 runes on Dec 15, 2022!
             The game lasted 03:00:57 (107497 turns).

jjjjhere the Wrestler (Ghoul Fighter)             Turns: 107497, Time: 03:00:57

Health: 258/264    AC: 40    Str: 20 (24) XL:     27
Magic:  36/36      EV:  7    Int:  3 (9)  God:    Nemelex Xobeh [******]
Gold:   7469       SH: 15    Dex:  9 (16) Spells: 26/26 levels left

rFire   + + +      SeeInvis +     - Unarmed
rCold   + + .      Faith    +   b - +2 kite shield
rNeg    + + +      Spirit   .   w - +3 gold dragon scales
rPois   ∞          Reflect  .   A - +0 helmet {SInv}
rElec   +          Harm     .   l - +2 cloak
rCorr   +          Rampage  .   (no gloves)
Will    ++...                   p - +0 pair of boots of Ashenzari's Wrath {rF++ Str-4 Int+4}
Stlth   ..........              a - amulet of faith
HPRegen 0.54/turn               I - ring "Edym Ciy" {rElec rCorr AC+4 Int-2 Dex+4}
MPRegen 0.25/turn               P - ring of Arrival {rCorr AC+4 Dex+2 Stlth+}

@: studying Unarmed Combat
A: claws 1, cold resistance 1, negative energy resistance 3, inhibited
regeneration, torment resistance 2
0: Orb of Zot
}: 3/15 runes: decaying, silver, gossamer
a: Renounce Religion, Draw Escape, Draw Destruction, Draw Summoning, Triple
Draw, Deal Four, Stack Five


You escaped.
You worshipped Nemelex Xobeh.
Nemelex Xobeh was exalted by your worship.
You visited 9 branches of the dungeon, and saw 48 of its levels.
You also visited: Bailey.

You collected 8367 gold pieces.
You spent 898 gold pieces at shops.

Inventory:

Missiles
 n - 5 atropa-tipped darts (quivered)
 U - 5 curare-tipped darts
Armour
 b - a +2 kite shield (worn)
 l - a +2 cloak (worn)
 p - the +0 pair of boots of Ashenzari's Wrath (worn) {rF++ Str-4 Int+4}
   (You found it on level 3 of the Elven Halls)

   Str:       It affects your strength (-4).
   Int:       It affects your intelligence (+4).
   rF:        It greatly protects you from fire.
 w - +3 gold dragon scales (worn)
 A - a +0 helmet of see invisible (worn)
Jewellery
 a - an amulet of faith (around neck)
 x - a +6 ring of dexterity
 z - the ring "Mintiod" {Int+5 SInv}
   (You bought it in a shop on level 2 of the Dungeon)

   [ring of see invisible]

   Int:       It affects your intelligence (+5).
   SInv:      It lets you see invisible.
 I - the ring "Edym Ciy" (left claw) {rElec rCorr AC+4 Int-2 Dex+4}
   (You took it off a fire giant on level 11 of the Dungeon)

   [ring of protection]

   AC:        It affects your AC (+4).
   Int:       It affects your intelligence (-2).
   Dex:       It affects your dexterity (+4).
   rElec:     It insulates you from electricity.
   rCorr:     It protects you from acid and corrosion.
 M - a ring of willpower
 P - the ring of Arrival (right claw) {rCorr AC+4 Dex+2 Stlth+}
   (You acquired it on level 2 of the Lair of Beasts)

   [ring of protection]

   AC:        It affects your AC (+4).
   Dex:       It affects your dexterity (+2).
   rCorr:     It protects you from acid and corrosion.
   Stlth:     It makes you more stealthy.
 S - an amulet of reflection
 V - a ring of the Octopus King {MP+9 AC+1 EV+1 Str+1 Int+1 Dex+1}
   (You found it on level 6 of the Lair of Beasts)

   [ring of magical power]

   AC:        It affects your AC (+1).
   EV:        It affects your evasion (+1).
   Str:       It affects your strength (+1).
   Int:       It affects your intelligence (+1).
   Dex:       It affects your dexterity (+1).
   MP:        It affects your magic capacity (+9).
Wands
 f - a wand of flame (54)
 k - a wand of polymorph (21)
 m - a wand of iceblast (72)
 C - a wand of charming (20)
 K - a wand of digging (9)
 N - a wand of paralysis (26)
 T - a wand of mindburst (20)
 W - a wand of acid (24)
Scrolls
 g - a scroll of fear
 h - 8 scrolls of immolation
 j - 8 scrolls of fog
 o - 2 scrolls of magic mapping
 r - a scroll of silence
 t - 18 scrolls of teleportation
 D - a scroll of blinking
 E - 9 scrolls of amnesia
 L - 3 scrolls of torment
 Z - 3 scrolls of summoning
Potions
 c - 9 potions of might
 d - 4 potions of brilliance
 e - 6 potions of flight
 i - 11 potions of curing
 q - 6 potions of heal wounds
 u - 2 potions of haste
 v - 3 potions of invisibility
 B - 4 potions of cancellation
 F - 3 potions of resistance
 Q - 4 potions of attraction
 R - 6 potions of ambrosia
 Y - 2 potions of magic
Miscellaneous
 s - a tin of tremorstones (2/2)
 G - a lightning rod (4/4)
 J - a phantom mirror
 O - a box of beasts
 X - a condenser vane


   Skills:
 - Level 24.8 Fighting
 - Level 9.2 Throwing
 + Level 19.1 Armour
 - Level 15.4 Dodging
 - Level 16.2 Shields
 + Level 26.5 Unarmed Combat
 + Level 21.8 Invocations
 - Level 7.7 Evocations


You had 26 spell levels left.
You didn't know any spells.
Your spell library contained the following spells:

 Spells                   Type           Power      Damage    Failure   Level
 Animate Skeleton         Necr           0%         N/A       100%        1
 Apportation              Tloc           0%         N/A       100%        1
 Foxfire                  Conj/Fire      0%         2x1d4     100%        1
 Magic Dart               Conj           0%         1d3       100%        1
 Pain                     Necr           0%         1d4       100%        1
 Slow                     Hex            0%         N/A       100%        1
 Sting                    Tmut/Pois      0%         1d3       100%        1
 Summon Small Mammal      Summ           0%         N/A       100%        1
 Blink                    Tloc           0%         N/A       100%        2
 Corpse Rot               Necr/Air       0%         N/A       100%        2
 Ensorcelled Hibernation  Hex/Ice        0%         N/A       100%        2
 Poisonous Vapours        Pois/Air       0%         N/A       100%        2
 Scorch                   Fire           0%         2d5       100%        2
 Searing Ray              Conj           0%         2d4       100%        2
 Static Discharge         Conj/Air       0%         N/A       100%        2
 Confusing Touch          Hex            0%         N/A       100%        3
 Conjure Flame            Conj/Fire      0%         6-21      100%        3
 Frozen Ramparts          Ice            0%         1d2       100%        3
 Gell's Gravitas          Tloc           0%         N/A       100%        3
 Inner Flame              Hex/Fire       0%         N/A       100%        3
 Portal Projectile        Hex/Tloc       0%         N/A       100%        3
 Summon Guardian Golem    Hex/Summ       0%         N/A       100%        3
 Teleport Other           Tloc           0%         N/A       100%        3
 Vampiric Draining        Necr           0%         2d6       100%        3
 Anguish                  Hex/Necr       0%         N/A       100%        4
 Animate Dead             Necr           0%         N/A       100%        4
 Dispel Undead            Necr           0%         3d6       100%        4
 Flame Wave               Conj/Fire      0%         2d4       100%        4
 Fulminant Prism          Conj/Hex       0%         3d6       100%        4
 Hailstorm                Conj/Ice       0%         3d3       100%        4
 Iskenderun's Mystic Bla  Conj/Tloc      0%         2d3       100%        4
 Olgreb's Toxic Radiance  Pois           0%         N/A       100%        4
 Passage of Golubria      Tloc           0%         N/A       100%        4
 Summon Ice Beast         Ice/Summ       0%         N/A       100%        4
 Agony                    Necr           0%         N/A       100%        5
 Alistair's Intoxication  Tmut/Pois      0%         N/A       100%        5
 Borgnjor's Vile Clutch   Necr/Erth      0%         N/A       100%        5
 Excruciating Wounds      Necr           0%         N/A       100%        5
 Fireball                 Conj/Fire      0%         3d3       100%        5
 Freezing Cloud           Conj/Ice/Air   0%         6-21      100%        5
 Iskenderun's Battlesphe  Conj           0%         2d6       100%        5
 Lee's Rapid Deconstruct  Erth           0%         3d5*      100%        5
 Lightning Bolt           Conj/Air       0%         1d11      100%        5
 Manifold Assault         Tloc           0%         N/A       100%        5
 Summon Forest            Summ/Tloc      0%         N/A       100%        5
 Yara's Violent Unravell  Hex/Tmut       0%         3d3       100%        5
 Conjure Ball Lightning   Conj/Air       0%         3x3d6     100%        6
 Death Channel            Necr           0%         N/A       100%        6
 Dispersal                Tloc           0%         N/A       100%        6
 Eringya's Noxious Bog    Tmut/Pois      0%         N/A       100%        6
 Iron Shot                Conj/Erth      0%         9d1       100%        6
 Simulacrum               Ice/Necr       0%         N/A       100%        6
 Summon Cactus Giant      Summ           0%         N/A       100%        6
 Malign Gateway           Summ/Tloc      0%         N/A       100%        7
 Orb of Destruction       Conj           0%         9d5       100%        7
 Ozocubu's Refrigeration  Ice            0%         4d5       100%        7
 Spellforged Servitor     Conj/Summ      0%         N/A       100%        7
 Summon Hydra             Summ           0%         N/A       100%        7
 Discord                  Hex            0%         N/A       100%        8
 Disjunction              Tloc           0%         N/A       100%        8
 Ignition                 Fire           0%         3d3       100%        8
 Infestation              Necr           0%         N/A       100%        8
 Maxwell's Capacitive Co  Air            0%         ∞         100%        8
 Polar Vortex             Ice            0%         N/A       100%        9
 Spider Form              Tmut/Pois      Unusable   N/A       N/A         3
 Ice Form                 Ice/Tmut       Unusable   N/A       N/A         4
 Blade Hands              Tmut           Unusable   N/A       N/A         5
 Storm Form               Tmut/Air       Unusable   N/A       N/A         7

Dungeon Overview and Level Annotations

Branches:
Dungeon (15/15)            Temple (0/1) D:7            Lair (6/6) D:11
  Swamp (4/4) Lair:2       Spider (4/4) Lair:3        Slime (0/5) Lair:5
    Orc (2/2) D:11            Elf (3/3) Orc:2        Vaults (5/5) D:14
  Crypt (0/3) Vaults:3     Depths (4/4) D:15            Zot (5/5) Depths:4
 Bailey (visited)

Altars:
Ashenzari
Elyvilon
Fedhas
Gozag
Kikubaaqudgha
Nemelex Xobeh
Okawaru
Qazlal
Sif Muna
Trog
Uskayaw
Yredelemnul
Beogh
Jiyva
Lugonu

Shops:
D:2 *=   D:5 (   Orc:2 !(!   Vaults:1 [   Vaults:3 [   Depths:4 *:![

Portals:
Hell: Depths:1 Depths:2 Depths:3 Depths:4
Abyss: Elf:1 Depths:3 Depths:4
Pandemonium: Depths:2
Ziggurat: Depths:1

Annotations:
D:9 9 runed translucent doors, tegan456's ghost, novice TrWr
D:14 exclusion: obsidian statue
Lair:4 exclusion: oklob plant
Swamp:3 3 runed translucent doors, VictoriousLee's ghost, journeyman TeAE
Elf:2 5 runed translucent doors
Elf:3 2 runed translucent doors, Jingleheimer's ghost, veteran MfGl
Vaults:3 1 runed translucent door, Hector's ghost, adept DjCA
Depths:2 exclusion: downstairs
Depths:3 exclusion: downstairs
Zot:2 1 runed translucent door, exclusion: door, mdk's ghost, adept FeSu
Zot:4 2 exclusions
Zot:5 exclusion: upstairs


Innate Abilities, Weirdness & Mutations

You thrive by killing the living.
You are immune to poison.
You have sharp fingernails.
Your flesh is cold resistant. (rC+)
You are immune to negative energy. (rN+++)
You do not regenerate when monsters are visible.
You are immune to unholy pain and torment.


Message History

You hear a grinding noise.
There is a stone staircase leading up here.
You climb upwards.
There is a stone staircase leading down here.
Unknown command.
(D) Dungeon (T) Temple (L) Lair (S) Swamp (N) Spider Nest (M) Slime Pits (O) Orcish Mines (E) Elven Halls (V) Vaults (C) Crypt (U) Depths (H) Hell (Z) Zot
Where to? (Enter - D:1 @ (x,y), ? - help)
What level of the Dungeon? (default 1, ? - help)
Your extra speed is starting to run out.
You feel yourself slow down.
A red devil comes into view. It is wielding a +0 trident.
Unknown command.
There is a stone staircase leading up here.
You climb upwards.
There is a stone staircase leading down here.
Unknown command.
(D) Dungeon (T) Temple (L) Lair (S) Swamp (N) Spider Nest (M) Slime Pits (O) Orcish Mines (E) Elven Halls (V) Vaults (C) Crypt (U) Depths (H) Hell (Z) Zot
Where to? (Enter - D:1 @ (x,y), ? - help)
What level of the Dungeon? (default 1, ? - help)
There is a stone staircase leading up here.
You climb upwards.
There is a stone staircase leading down here.
You see here a +0 club.
You see here a +0 dagger.
You see here a +0 short sword.
There is a large open door here.
There is a staircase leading out of the dungeon here.
Unknown command.
Enter note: woo
Enter note: didnt fight that 98% evade felid ghost
Enter note: good rings
Enter note: nothing else super exciting
Enter note: card god still good You have escaped!

##### #....
###.### ##...#
###########....#
#8≈≈§§§≈≈8#.(..#
#...§§§...#.#..#
#.........#.#..#
#@...8....'.#..#
#....8....'.#.##
#.........#.#.#
#.........#.#.#
#8≈§≈§≈§≈8#...#
###########...#
#####


There were no monsters in sight!

Vanquished Creatures
  2 dread liches (Vaults:5)
  Mennas (Vaults:4)
  8 orbs of fire
  An ancient lich (Zot:5)
  A juggernaut (Depths:3)
  A shard shrike (Elf:1)
  5 Killer Klowns
  3 curse toes
  9 golden dragons
  A caustic shrike (Vaults:4)
  A bone dragon (Depths:4)
  A Brimstone Fiend (Zot:1)
  A walking crystal tome (Depths:3)
  A hellephant (Depths:2)
  2 liches (Depths:3)
  2 electric golems
  Mlioglotl (Swamp:4)
  19 tentacled monstrosities
  25 Orb Guardians
  2 walking frostbound tomes
  2 deep elf blademasters
  2 deep elf master archers
  4 titans
  9 quicksilver dragons
  3 thorn hunters (Swamp:3)
  8 death cobs
  Frances (Elf:1)
  7 sphinxes
  17 storm dragons
  8 shadow dragons
  5 draconian knights
  3 fenstrider witches
  5 draconian monks
  An azure jelly (Vaults:4)
  7 tengu reavers
  9 frost giants
  9 fire giants
  9 vault wardens
  2 balrugs
  10 emperor scorpions
  3 iron dragons
  4 draconian scorchers
  3 ghost moths
  2 deep elf sorcerers
  A draconian shifter (Zot:2)
  3 draconian annihilators
  5 draconian stormcallers
  A reaper (D:12)
  8 deep elf elementalists
  A spriggan defender (Depths:2)
  17 ironbound preservers
  3 broodmothers
  37 very ugly things
  3 war gargoyles
  11 stone giants
  11 green draconians
  8 deep elf demonologists
  3 ironbound thunderhulks
  5 vampire knights
  Azrael (Elf:1)
  8 dire elephants
  9 eleionomae
  4 entropy weavers
  5 purple draconians
  9 black draconians
  12 red draconians
  6 yellow draconians
  5 deep elf annihilators
  8 bunyips
  11 white draconians
  12 spark wasps
  10 fire dragons
  3 minotaurs
  A blizzard demon (Depths:2)
  8 deep elf death magi
  8 ettins
  12 yaktaur captains
  A green death (D:14)
  3 jiangshi (Depths:2)
  5 deep elf high priests
  5 great orbs of eyes
  33 hydras
  35 vault guards
  4 spriggan air magi
  8 rakshasas
  2 ghost crabs
  14 ice dragons
  2 peacekeepers
  6 ogre magi
  3 catoblepae
  4 ironbound frosthearts
  A quicksilver dragon skeleton (Vaults:1)
  9 centaur warriors
  A jorogumo (Spider:3)
  A merfolk avatar (Lair:6)
  8 boulder beetles
  24 two-headed ogres
  An anaconda (Depths:3)
  The ghost of safid the Geomancer, a journeyman GrEE of Vehumet (Orc:2)
  19 dancing weapons
  A titan zombie (Depths:3)
  5 deep troll shamans
  13 alligators
  2 deep troll earth magi
  2 spriggan berserkers
  6 tengu warriors
  7 hell knights
  An orc high priest (Elf:1)
  14 death yaks
  A shock serpent (Elf:1)
  A vampire mage (Depths:2)
  3 sun demons
  25 deep elf knights
  2 fire crabs
  A fire crab (shapeshifter) (Vaults:4)
  A sun moth (Spider:2)
  A goliath frog (Swamp:3)
  3 skeletal warriors (D:11)
  5 pharaoh ants
  58 deep trolls
  4 glowing orange brains
  3 iron trolls
  10 orb spiders
  5 spriggan druids
  3 bog bodies
  2 flayed ghosts
  9 swamp dragons
  2 sea snakes
  15 ironbound convokers
  A phantasmal warrior (Vaults:4)
  12 wizards
  18 deep elf archers
  11 lindwurms
  8 steelbarb worms
  2 orc knights (Bailey)
  62 ugly things
  25 deep elf pyromancers
  2 harpies
  A shining eye (D:11)
  16 cyclopes
  32 deep elf zephyrmancers
  2 mana vipers (shapeshifter)
  6 necromancers
  14 wolf spiders
  An orc sorcerer (Orc:2)
  6 manticores
  A salamander (Lair:5)
  4 will-o-the-wisps
  2 human skeletons (Vaults:1)
  18 elephants
  31 moths of wrath
  A sphinx skeleton (Depths:3)
  An iron dragon skeleton (Depths:3)
  Joseph (D:8)
  6 black mambas
  18 vault sentinels
  3 gargoyles
  10 komodo dragons
  7 rime drakes
  A torpor snail (Spider:4)
  9 demonic crawlers
  18 cane toads
  3 freezing wraiths
  32 yaktaurs
  2 kobold demonologists
  An unseen horror (D:11)
  4 tengu conjurers
  A queen bee (shapeshifter) (Elf:1)
  10 meliai
  8 trolls
  5 polar bears
  10 tyrant leeches
  2 wind drakes (shapeshifter) (Depths:3)
  A snapping turtle (Lair:6)
  20 tarantellas
  A wind drake (Lair:6)
  7 hornets
  7 blink frogs
  55 slime creatures
  A raiju (D:11)
  22 culicivoras
  17 jumping spiders
  5 air elementals
  2 centaur simulacra (D:10)
  A jumping spider (shapeshifter) (Vaults:5)
  2 spriggans
  3 wyverns
  2 wraiths
  A vampire (D:13)
  34 yaks
  16 humans
  5 fire bats
  4 steam dragons
  5 water elementals
  4 basilisks
  A golden eye (Lair:6)
  A redback (shapeshifter) (Vaults:5)
  10 fire elementals
  43 redbacks
  16 vampire mosquitoes
  20 swamp worms
  3 wargs
  3 hell hounds
  13 water moccasins
  An acid dragon (D:10)
  A hornet zombie (D:7)
  12 orc warriors
  5 black bears
  3 sky beasts
  7 swamp drakes (Swamp:4)
  11 boggarts
  33 ogres
  19 wolves
  A boggart (shapeshifter) (Depths:2)
  A wolf (shapeshifter) (D:15)
  4 centaurs
  A kobold brigand (D:9)
  13 bullfrogs
  2 gnoll sergeants
  3 earth elementals
  A water moccasin zombie (D:5)
  A wyvern skeleton (D:7)
  3 scorpions
  Dowan (D:4)
  7 wights
  16 killer bees
  9 electric eels
  2 howler monkeys
  A lava snake (Lair:2)
  4 centaur zombies
  5 jellies
  13 orc priests
  2 hounds
  A bullfrog zombie (D:7)
  A centaur skeleton (D:7)
  3 iguanas
  10 orc wizards
  18 gnolls
  3 adders
  2 white imps (D:10)
  A howler monkey simulacrum (D:10)
  2 worms
  4 dart slugs
  72 orcs
  14 ball pythons
  7 endoplasms
  8 giant cockroaches
  10 goblins
  10 hobgoblins
  3 jackals
  7 quokkas
  14 bats
  4 frilled lizards
  10 kobolds
  6 rats
  A spectral orc (D:11)
  A briar patch (Swamp:3)
  A butterfly (Lair:2)
  A fire vortex (Swamp:4)
2013 creatures vanquished.

Vanquished Creatures (collateral kills)
  Rupert (D:14)
  Gastronok (D:8)
  An azure jelly (Swamp:3)
  Donald (Swamp:4)
  A fenstrider witch (Swamp:3)
  A fire giant (D:11)
  A vampire knight (Depths:1)
  An ettin (D:11)
  A great orb of eyes (Depths:3)
  An ironbound frostheart (Vaults:4)
  Erica (D:8)
  2 spriggans (Swamp:3)
  2 deep trolls (Vaults:1)
  A spriggan druid (Swamp:3)
  A cyclops (D:11)
  A smoke demon (D:9)
  2 freezing wraiths (Swamp:3)
  A hornet (Swamp:3)
  2 golden eyes (D:9)
  2 vampire mosquitoes (D:14)
  3 swamp worms (Swamp:3)
  Duvessa (D:4)
  A swamp drake (Swamp:4)
  A wight (D:5)
  An orc priest (D:8)
  Ijyb (D:3)
  A worm (D:4)
  A ball python (D:3)
35 creatures vanquished.

Vanquished Creatures (others)
  A hydra (Swamp:3)
  An alligator (Swamp:3)
  A deep elf knight (Elf:3)
  A wizard (Vaults:1)
  2 deep elf zephyrmancers (Elf:3)
  5 bloated husks
  A blink frog (Lair:6)
  A wyvern (Lair:4)
  A redback (Spider:3)
  A steam dragon (Swamp:4)
  3 swamp drakes (Swamp:4)
  A briar patch (Swamp:3)
  A butterfly (Depths:1)
  34 foxfires
  27 fungi
  2 lurking horrors (Elf:1)
  75 plants
  6 starspawn tentacles (Swamp:4)
164 creatures vanquished.

Grand Total: 2212 creatures vanquished

Notes
Turn   | Place    | Note
-------+----------+-------------------------------------------
     0 | D:1      | jjjjhere the Ghoul Fighter began the quest for the Orb.
     0 | D:1      | Reached XP level 1. HP: 19/19 MP: 0/0
   136 | D:1      | Found a faded altar of an unknown god.
   174 | D:1      | Reached XP level 2. HP: 17/26 MP: 1/1
   183 | D:1      | Reached skill level 3 in Unarmed Combat
   297 | D:1      | Prayed at the altar of an unknown god.
   297 | D:1      | Became a worshipper of Nemelex Xobeh the Trickster
   297 | D:1      | Reached * piety under Nemelex Xobeh
   297 | D:1      | Received a gift from Nemelex Xobeh
   396 | D:1      | Reached XP level 3. HP: 31/31 MP: 2/2
   691 | D:1      | Reached skill level 4 in Unarmed Combat
   704 | D:1      | Reached skill level 1 in Invocations
   758 | D:1      | Found Oghock's Book Boutique.
  1001 | D:2      | Reached XP level 4. HP: 38/38 MP: 4/4
  1038 | D:2      | Found Pienasat's Jewellery Shop.
  1117 | D:2      | Reached ** piety under Nemelex Xobeh
  1416 | D:2      | Found Cieruaf's General Store.
  1420 | D:2      | Bought a scroll of identify for 22 gold pieces
  1727 | D:3      | Found an ancient bone altar of Kikubaaqudgha.
  1800 | D:3      | Found a stormy altar of Qazlal.
  2009 | D:3      | Received a gift from Nemelex Xobeh
  2098 | D:3      | Reached XP level 5. HP: 45/45 MP: 5/5
  2240 | D:3      | Noticed Ijyb
  2246 | D:3      | Killed Ijyb
  2247 | D:3      | Found an iron altar of Okawaru.
  2386 | D:4      | Reached skill level 5 in Unarmed Combat
  2639 | D:4      | Reached XP level 6. HP: 49/51 MP: 7/7
  2737 | D:4      | Noticed a fire bat
  2737 | D:4      | an ogre changed into a fire bat
  2742 | D:4      | Killed a fire bat
  2743 | D:4      | Reached skill level 6 in Unarmed Combat
  2763 | D:4      | Reached XP level 7. HP: 57/57 MP: 9/9
  2818 | D:4      | Reached *** piety under Nemelex Xobeh
  2912 | D:4      | Noticed Dowan
  2923 | D:4      | Killed Dowan
  2924 | D:4      | Reached skill level 5 in Invocations
  2926 | D:4      | Noticed Duvessa
  2931 | D:4      | Killed Duvessa
  3436 | D:5      | Entered Level 5 of the Dungeon
  3487 | D:5      | Reached skill level 7 in Unarmed Combat
  3530 | D:5      | Found Dyaschem's Weapon Boutique.
  3557 | D:5      | Reached XP level 8. HP: 39/63 MP: 11/11
  4030 | D:5      | Received a gift from Nemelex Xobeh
  4289 | D:5      | Reached skill level 8 in Unarmed Combat
  4630 | D:6      | Received a gift from Nemelex Xobeh
  4785 | D:6      | Reached **** piety under Nemelex Xobeh
  4862 | D:6      | HP: 19/63 [wight/+1 trident (7)]
  4865 | D:5      | HP: 3/63 [wight/+0 great sword (16)]
  5248 | D:6      | Reached skill level 9 in Unarmed Combat
  5299 | D:6      | Reached XP level 9. HP: 66/70 MP: 14/14
  5948 | D:6      | Received a gift from Nemelex Xobeh
  6071 | D:6      | Reached skill level 10 in Unarmed Combat
  6216 | D:7      | Found a staircase to the Ecumenical Temple.
  6304 | D:7      | Reached skill level 5 in Armour
  6353 | D:7      | Found a flagged portal.
  6394 | D:7      | HP: 22/70 [goblin/+0 spear (2)]
  6526 | Bailey   | Entered a bailey
  6771 | Bailey   | Noticed an orc knight
  6771 | Bailey   | Noticed an orc knight
  6789 | Bailey   | Killed an orc knight
  6790 | Bailey   | Reached skill level 11 in Unarmed Combat
  6790 | Bailey   | Reached XP level 10. HP: 70/77 MP: 15/15
  6799 | Bailey   | Killed an orc knight
  6998 | Bailey   | Identified the +0 pair of gloves "Tettas" {rF+++ rC- Int+3
                  | Dex-2}
  7293 | D:7      | Received a gift from Nemelex Xobeh
  7314 | D:7      | Found a sparkling altar of Nemelex Xobeh.
  8399 | D:8      | Found a bloodstained altar of Trog.
  8401 | D:8      | Noticed a two-headed ogre
  8404 | D:8      | Killed a two-headed ogre
  8422 | D:8      | Noticed Gastronok
  8431 | D:8      | Killed Gastronok
  8432 | D:8      | Reached skill level 5 in Fighting
  8432 | D:8      | Reached skill level 12 in Unarmed Combat
  8582 | D:8      | Noticed Erica
  8589 | D:8      | Killed Erica
  8782 | D:8      | Reached XP level 11. HP: 52/89 MP: 16/16
  9142 | D:8      | Received a gift from Nemelex Xobeh
  9168 | D:8      | Noticed Joseph
  9185 | D:8      | Killed Joseph
  9969 | D:9      | Reached skill level 13 in Unarmed Combat
 10220 | D:9      | Received a gift from Nemelex Xobeh
 10378 | D:9      | Reached ***** piety under Nemelex Xobeh
 10481 | D:9      | Found a runed translucent gate.
 10484 | D:9      | Found a runed translucent gate.
 10484 | D:9      | Found a runed translucent gate.
 10487 | D:9      | Noticed tegan456's ghost (novice TrWr)
 10626 | D:9      | Received a gift from Nemelex Xobeh
 10849 | D:9      | Found a viscous altar of Jiyva.
 10908 | D:9      | Found a runed translucent door.
 11246 | D:9      | Found a runed translucent gate.
 11246 | D:9      | Found a runed translucent gate.
 11246 | D:9      | Found a runed translucent gate.
 11246 | D:9      | Found a runed translucent gate.
 11246 | D:9      | Noticed a lindwurm
 11247 | D:9      | Found a runed translucent gate.
 11248 | D:9      | Found a runed translucent gate.
 11249 | D:9      | Noticed a boulder beetle
 11330 | D:10     | Entered Level 10 of the Dungeon
 11350 | D:10     | Found a blossoming altar of Fedhas.
 11888 | D:10     | Noticed a two-headed ogre
 11894 | D:10     | Killed a two-headed ogre
 11983 | D:10     | Received a gift from Nemelex Xobeh
 12804 | D:11     | Noticed a cyclops
 12827 | D:11     | Killed a cyclops
 12871 | D:11     | Noticed a two-headed ogre
 12880 | D:11     | Noticed a shining eye
 12880 | D:11     | a two-headed ogre changed into a shining eye
 12885 | D:11     | Killed a shining eye
 12886 | D:11     | Reached skill level 14 in Unarmed Combat
 13014 | D:11     | Received a gift from Nemelex Xobeh
 13556 | D:11     | Reached XP level 12. HP: 50/104 MP: 17/17
 13613 | D:11     | Noticed a tengu warrior
 13762 | D:11     | a tengu warrior changed into a manticore
 13866 | D:11     | Noticed an ettin
 13872 | D:11     | Noticed an ettin
 13878 | D:11     | Noticed an alligator
 13878 | D:11     | an ettin changed into an alligator
 13885 | D:11     | Killed an alligator
 14001 | D:11     | Noticed an ettin
 14212 | D:11     | Reached skill level 1 in Dodging
 14221 | D:11     | Killed an ettin
 14236 | D:11     | Reached skill level 10 in Fighting
 14311 | D:11     | HP: 19/106 [cyclops/large rock (17)]
 14326 | D:11     | HP: 5/106 [cyclops/large rock (17)]
 14912 | D:11     | HP: 35/107 [yaktaur/bolt (24)]
 14916 | D:11     | HP: 14/107 [raiju/living lightning (5)]
 14919 | D:11     | HP: 1/107 [raiju/living lightning (13)]
 14931 | D:11     | HP: 12/107 [troll (6)]
 14971 | D:11     | HP: 9/107 [raiju/living lightning (10)]
 14979 | D:11     | Reached skill level 15 in Unarmed Combat
 15671 | D:11     | Noticed an ogre mage
 15685 | D:11     | Killed an ogre mage
 15695 | D:11     | Noticed a two-headed ogre
 15704 | D:11     | Killed a two-headed ogre
 15928 | D:11     | Found a staircase to the Orcish Mines.
 15974 | D:11     | HP: 29/110 [something (8)]
 16440 | D:11     | Received a gift from Nemelex Xobeh
 16751 | D:11     | Found a basalt altar of Yredelemnul.
 16775 | D:11     | Received a gift from Nemelex Xobeh
 16877 | D:11     | HP: 27/110 [skeletal warrior/+0 glaive (10)]
 16888 | D:11     | HP: 16/110 [skeletal warrior/+0 glaive (11)]
 17258 | D:11     | Reached XP level 13. HP: 72/116 MP: 18/18
 17422 | D:11     | Reached skill level 5 in Dodging
 17503 | D:11     | Reached ****** piety under Nemelex Xobeh
 17864 | D:11     | Found a staircase to the Lair.
 18119 | D:11     | Identified the ring "Edym Ciy" {rElec rCorr AC+4 Int-2
                  | Dex+4}
 18119 | D:11     | Noticed a fire giant
 18141 | D:11     | HP: 22/117 [something/bolt of fire (22)]
 18144 | D:11     | HP: 7/117 [something/bolt of fire (15)]
 18609 | D:11     | Killed an ettin
 18721 | D:11     | Reached skill level 16 in Unarmed Combat
 19079 | D:11     | Killed a fire giant
 19233 | D:11     | Found the +8 whip "Snakebite" {venom, curare, rPois}
 19236 | D:11     | Identified the +2 war axe of Righteous Fury {pain, rC+ rN+}
 19243 | D:11     | Identified the +5 whip of Riugarr {vorpal, Str+2}
 19244 | D:11     | Identified the +10 scythe "Wipsipp" {drain, rPois}
 19345 | Lair:1   | Entered Level 1 of the Lair of Beasts
 19950 | Lair:1   | Received a gift from Nemelex Xobeh
 20376 | Lair:1   | Received a gift from Nemelex Xobeh
 21723 | Lair:2   | Received a gift from Nemelex Xobeh
 21748 | Lair:2   | Identified a scroll of acquirement
 21749 | Lair:2   | Acquired the ring of Arrival {rCorr AC+4 Dex+2 Stlth+}
 21941 | Lair:2   | Received a gift from Nemelex Xobeh
 21957 | Lair:2   | Reached XP level 14. HP: 129/129 MP: 19/19
 22013 | Lair:2   | Reached skill level 10 in Armour
 22237 | Lair:2   | Found a staircase to the Swamp.
 22635 | Lair:3   | Reached skill level 10 in Dodging
 22802 | Lair:3   | Received a gift from Nemelex Xobeh
 23217 | Lair:3   | Received a gift from Nemelex Xobeh
 23458 | Lair:3   | Found a hole to the Spider Nest.
 24280 | Lair:4   | Identified the +6 dagger of the Asp {freeze, rF+ rN+ Will+
                  | Int+5}
 24431 | Lair:4   | Noticed an emperor scorpion
 24431 | Lair:4   | a death yak changed into an emperor scorpion
 24431 | Lair:4   | Noticed a storm dragon
 24431 | Lair:4   | a death yak changed into a storm dragon
 24436 | Lair:4   | Killed an emperor scorpion
 24614 | Lair:4   | Killed a storm dragon
 24791 | Lair:4   | Received a gift from Nemelex Xobeh
 26186 | Lair:5   | Found a staircase to the Slime Pits.
 26490 | Lair:5   | Received a gift from Nemelex Xobeh
 26872 | Lair:5   | Reached XP level 15. HP: 139/139 MP: 20/20
 26981 | Lair:6   | Entered Level 6 of the Lair of Beasts
 26981 | Lair:6   | Found a gate leading to a gauntlet.
 26981 | Lair:6   | Received a gift from Nemelex Xobeh
 26984 | Lair:6   | Reached skill level 15 in Fighting
 27049 | Lair:6   | Noticed an emperor scorpion
 27049 | Lair:6   | a dire elephant changed into an emperor scorpion
 27077 | Lair:6   | Killed an emperor scorpion
 28356 | Lair:6   | Found the ring of the Octopus King
 28360 | Lair:6   | Identified a ring of the Octopus King {MP+9 AC+1 EV+1 Str+1
                  | Int+1 Dex+1}
 28713 | Orc:1    | Entered Level 1 of the Orcish Mines
 28713 | Orc:1    | Received a gift from Nemelex Xobeh
 28800 | Orc:2    | Entered Level 2 of the Orcish Mines
 28867 | Orc:1    | Reached skill level 1 in Evocations
 29117 | Orc:2    | Paralysed by an ogre mage for 5 turns
 29562 | Orc:1    | HP: 41/144 [ogre/+0 giant spiked club (10)]
 29964 | Orc:1    | HP: 45/144 [two-headed ogre/+0 giant spiked club (7)]
 30535 | Orc:2    | Paralysed by an ogre mage for 6 turns
 31080 | Orc:2    | Reached XP level 16. HP: 138/151 MP: 21/21
 31158 | Orc:2    | Found Paeg's Distillery.
 31158 | Orc:2    | Found Docrofi's Weapon Shoppe.
 31159 | Orc:2    | Found Hughoor's Jewellery Shoppe.
 31159 | Orc:2    | Found Qiupu's Distillery.
 31177 | Orc:2    | Bought a potion of heal wounds for 75 gold pieces
 31470 | Orc:2    | Found a runed translucent door.
 31476 | Orc:2    | Noticed safid's ghost (journeyman GrEE)
 31477 | Orc:2    | Received a gift from Nemelex Xobeh
 31614 | Orc:2    | Found a staircase to the Elven Halls.
 31916 | Orc:2    | Killed safid's ghost
 32509 | D:12     | Received a gift from Nemelex Xobeh
 33103 | D:13     | Received a gift from Nemelex Xobeh
 33604 | D:13     | Received a gift from Nemelex Xobeh
 33667 | D:13     | Reached skill level 5 in Shields
 34195 | D:14     | Noticed Urug
 34243 | D:13     | Noticed Urug
 34243 | D:13     | Urug changed into Urug the culicivora
 34251 | D:13     | Killed Urug the culicivora
 34610 | D:14     | Received a gift from Nemelex Xobeh
 34651 | D:14     | Found a gate to the Vaults.
 34654 | D:14     | Noticed Rupert
 34686 | D:14     | Killed Rupert
 34686 | D:14     | HP: 40/151 [boulder beetle (35)]
 34687 | D:14     | Reached skill level 10 in Invocations
 35345 | D:14     | Found a broken altar of Ashenzari.
 35557 | D:15     | Entered Level 15 of the Dungeon
 35785 | D:15     | Received a gift from Nemelex Xobeh
 36347 | D:15     | Reached skill level 17 in Unarmed Combat
 36982 | D:15     | Reached skill level 1 in Throwing
 37616 | D:15     | Reached XP level 17. HP: 154/158 MP: 23/23
 37621 | D:15     | Found a staircase to the Depths.
 37622 | D:15     | Received a gift from Nemelex Xobeh
 37935 | Swamp:1  | Entered Level 1 of the Swamp
 39093 | Swamp:1  | Received a gift from Nemelex Xobeh
 39894 | Swamp:2  | Reached skill level 10 in Shields
 40148 | Swamp:2  | Received a gift from Nemelex Xobeh
 40553 | Swamp:3  | Received a gift from Nemelex Xobeh
 40574 | Swamp:3  | Reached skill level 5 in Throwing
 40657 | Swamp:3  | HP: 49/159 [spriggan rider/+0 spear (13)]
 41033 | Swamp:3  | Paralysed by a fenstrider witch for 6 turns
 41237 | Swamp:3  | Paralysed by a fenstrider witch for 7 turns
 41480 | Swamp:3  | Paralysed by a fenstrider witch for 5 turns
 41794 | Swamp:3  | Got the Almanac of Translocation
 42894 | Swamp:3  | Found a runed translucent gate.
 42897 | Swamp:3  | Found a runed translucent gate.
 42898 | Swamp:3  | Found a runed translucent gate.
 42900 | Swamp:3  | Noticed VictoriousLee's ghost (journeyman TeAE)
 42941 | Swamp:3  | HP: 36/162 [azure jelly (20)]
 42944 | Swamp:3  | HP: 6/162 [azure jelly (19)]
 42944 | Swamp:3  | HP: 2/162 [azure jelly (4)]
 43675 | Swamp:4  | Entered Level 4 of the Swamp
 43732 | Swamp:4  | Noticed Donald
 43956 | Swamp:4  | Reached XP level 18. HP: 160/171 MP: 24/24
 44405 | Swamp:4  | Received a gift from Nemelex Xobeh
 44425 | Swamp:4  | Noticed Mlioglotl
 44448 | Swamp:4  | Noticed a hellephant
 44450 | Swamp:4  | Noticed a tentacled monstrosity
 44455 | Swamp:4  | HP: 55/171 [burnt (3)]
 45291 | Swamp:4  | HP: 51/172 [spriggan druid/angry trees (8)]
 45303 | Swamp:4  | HP: 25/172 [swamp drake (4)]
 45309 | Swamp:4  | HP: 24/172 [Mlioglotl (7)]
 45319 | Swamp:4  | Killed Mlioglotl
 45321 | Swamp:4  | HP: 55/172 [five-headed hydra (4)]
 46472 | Swamp:4  | Killed Donald
 46774 | Swamp:4  | Got a decaying rune of Zot
 46986 | Spider:1 | Entered Level 1 of the Spider Nest
 46991 | Spider:1 | Received a gift from Nemelex Xobeh
 47051 | Spider:1 | Received a gift from Nemelex Xobeh
 47435 | Spider:1 | Received a gift from Nemelex Xobeh
 47869 | Spider:1 | Received a gift from Nemelex Xobeh
 48716 | Spider:2 | Received a gift from Nemelex Xobeh
 49128 | Spider:2 | Received a gift from Nemelex Xobeh
 50905 | Spider:3 | Received a gift from Nemelex Xobeh
 51414 | Spider:4 | Entered Level 4 of the Spider Nest
 52132 | Spider:4 | Reached XP level 19. HP: 170/185 MP: 27/27
 53285 | Spider:4 | Found the +5 scythe "Finisher" {speed, eviscerate}
 53413 | Spider:4 | Received a gift from Nemelex Xobeh
 54333 | Spider:4 | Lost intelligence.
 54589 | Spider:4 | Got a gossamer rune of Zot
 55024 | Depths:1 | Entered Level 1 of the Depths
 55035 | D:15     | Reached skill level 18 in Unarmed Combat
 56170 | Depths:1 | Received a gift from Nemelex Xobeh
 56195 | Depths:1 | Found a one-way gateway to a ziggurat.
 56918 | Depths:1 | Paralysed by something for 4 turns
 56933 | Depths:1 | Paralysed by something for 2 turns
 57142 | Depths:1 | Found a gateway to Hell.
 57762 | D:2      | Bought the ring "Mintiod" {Int+5 SInv} for 390 gold pieces
 57764 | D:2      | Lost intelligence.
 58438 | Depths:1 | Received a gift from Nemelex Xobeh
 58671 | Vaults:1 | Entered Level 1 of the Vaults
 59982 | Vaults:1 | Reached XP level 20. HP: 193/198 MP: 29/29
 60499 | Vaults:1 | Reached skill level 19 in Unarmed Combat
 60519 | Vaults:1 | Reached skill level 15 in Invocations
 61179 | Vaults:1 | Found Iceha's Antique Armour Shoppe.
 61182 | Vaults:1 | Received a gift from Nemelex Xobeh
 61279 | Vaults:1 | Acquired 1169 gold pieces
 63082 | Vaults:2 | Received a gift from Nemelex Xobeh
 63455 | Vaults:2 | Reached skill level 20 in Unarmed Combat
 64329 | Vaults:2 | Reached skill level 15 in Armour
 65030 | Vaults:3 | Reached XP level 21. HP: 204/204 MP: 31/31
 65149 | Vaults:3 | Received a gift from Nemelex Xobeh
 66562 | Vaults:3 | Received a gift from Nemelex Xobeh
 66562 | Vaults:3 | Identified the ring of the Present {Ice rN+ Will+}
 66593 | Vaults:3 | Found a staircase to the Crypt.
 66593 | Vaults:3 | Found an ancient bone altar of Kikubaaqudgha.
 66593 | Vaults:3 | Found a basalt altar of Yredelemnul.
 66849 | Vaults:3 | Acquired a manual of Unarmed Combat
 66897 | Vaults:3 | Found Gokhlihee's Antique Armour Shop.
 67215 | Vaults:3 | Found a runed translucent door.
 67215 | Vaults:3 | Noticed Hector's ghost (adept DjCA)
 67239 | Vaults:3 | Received a gift from Nemelex Xobeh
 68348 | Vaults:4 | Noticed a caustic shrike
 68348 | Vaults:4 | an ironbound thunderhulk changed into a caustic shrike
 68352 | Vaults:4 | Killed a caustic shrike
 68495 | Vaults:4 | Noticed Mennas
 68525 | Vaults:4 | HP: 65/204 [Mennas/+2 sacred scourge of holy wrath (12)]
 68532 | Vaults:4 | Killed Mennas
 68533 | Vaults:4 | Reached skill level 21 in Unarmed Combat
 68825 | Vaults:4 | Received a gift from Nemelex Xobeh
 69694 | Vaults:4 | Identified the +7 war axe "Box Kura" {holy, Will+ Str+3}
 70242 | Depths:2 | Noticed Mara
 70255 | Depths:2 | Noticed Mara
 70255 | Depths:2 | Mara changed into Mara the hellephant
 70265 | Depths:2 | Killed Mara the hellephant
 70463 | Depths:2 | Reached skill level 22 in Unarmed Combat
 70831 | Depths:2 | Identified the +5 short sword of Termination {freeze,
                  | Int+3}
 70885 | Depths:2 | Reached XP level 22. HP: 201/213 MP: 32/32
 70913 | Depths:2 | Reached skill level 15 in Shields
 71099 | Depths:2 | Reached skill level 23 in Unarmed Combat
 71447 | Depths:2 | Received a gift from Nemelex Xobeh
 71529 | Depths:2 | Found a hide-covered altar of Uskayaw.
 72213 | Depths:2 | Received a gift from Nemelex Xobeh
 72422 | Depths:2 | Found a one-way gate leading to the halls of Pandemonium.
 72713 | Depths:3 | Found a one-way gate to the infinite horrors of the Abyss.
 72986 | Depths:3 | Reached skill level 24 in Unarmed Combat
 73043 | Depths:3 | Paralysed by a vampire knight for 6 turns
 73115 | Depths:3 | Received a gift from Nemelex Xobeh
 73194 | Depths:3 | Noticed a juggernaut
 73225 | Depths:3 | Killed a juggernaut
 73232 | Depths:3 | Noticed a golden dragon
 73247 | Depths:3 | HP: 63/213 [golden dragon (9)]
 73249 | Depths:3 | HP: 29/213 [golden dragon (20)]
 73253 | Depths:3 | Killed a golden dragon
 73361 | Depths:3 | Noticed a golden dragon
 73676 | Depths:3 | Killed a golden dragon
 74728 | Depths:3 | Received a gift from Nemelex Xobeh
 74898 | Depths:3 | Found an opulent altar of Gozag.
 74988 | Depths:3 | Received a gift from Nemelex Xobeh
 75198 | Depths:4 | Entered Level 4 of the Depths
 75647 | Depths:4 | Found Neoseqinti's Distillery.
 75900 | Depths:3 | Reached XP level 23. HP: 123/221 MP: 34/34
 76624 | Depths:4 | Found a gate to the Realm of Zot.
 76803 | Depths:3 | Noticed a golden dragon
 77098 | Depths:4 | Received a gift from Nemelex Xobeh
 77138 | Depths:4 | Found Plog's General Store.
 77163 | Depths:4 | Found Hesato's Book Emporium.
 77166 | Depths:4 | Found Qomergheu's Armour Shoppe.
 77177 | Depths:4 | Bought a potion of curing for 45 gold pieces
 77177 | Depths:4 | Bought 2 potions of curing for 90 gold pieces
 77180 | Depths:4 | Bought a +0 helmet of see invisible for 276 gold pieces
 77382 | Depths:3 | Paralysed by a great orb of eyes for 7 turns
 77400 | Depths:3 | Banished a golden dragon
 78066 | Elf:1    | Entered Level 1 of the Elven Halls
 78066 | Elf:1    | Noticed Azrael
 78291 | Elf:1    | Killed Azrael
 78368 | Elf:1    | Noticed Frances
 78770 | Elf:1    | Killed Frances
 79035 | Elf:1    | Received a gift from Nemelex Xobeh
 79110 | Elf:1    | Noticed a shard shrike
 79120 | Elf:1    | Killed a shard shrike
 79315 | Elf:1    | Paralysed by an air elemental for 1 turns
 79492 | Elf:1    | Identified the +3 executioner's axe "Hic Lerch" {freeze,
                  | rPois rC+}
 79732 | Elf:1    | Received a gift from Nemelex Xobeh
 79734 | Elf:1    | Found a corrupted altar of Lugonu.
 79996 | Elf:1    | Identified the +5 executioner's axe of the Original Sin
                  | {freeze, Int+4}
 80087 | Elf:1    | Found a runed translucent gate.
 80087 | Elf:1    | Found a runed translucent gate.
 80087 | Elf:1    | Found a runed translucent gate.
 80087 | Elf:1    | Found a runed translucent gate.
 80087 | Elf:1    | Found a runed translucent gate.
 80089 | Elf:1    | Found a runed translucent gate.
 80393 | Elf:2    | Found a shimmering blue altar of Sif Muna.
 80578 | Elf:2    | Received a gift from Nemelex Xobeh
 80913 | Elf:2    | Reached skill level 15 in Dodging
 81018 | Elf:2    | Found a huge runed translucent gate.
 81018 | Elf:2    | Found a huge runed translucent gate.
 81019 | Elf:2    | Found a huge runed translucent gate.
 81020 | Elf:2    | Found a huge runed translucent gate.
 81026 | Elf:2    | Found a huge runed translucent gate.
 81264 | Elf:2    | Received a gift from Nemelex Xobeh
 81632 | Elf:3    | Entered Level 3 of the Elven Halls
 81826 | Elf:3    | Reached XP level 24. HP: 229/233 MP: 35/35
 83738 | Elf:3    | Found a large runed translucent door.
 83739 | Elf:3    | Found a large runed translucent door.
 83742 | Elf:3    | Noticed Jingleheimer's ghost (veteran MfGl)
 84002 | Elf:3    | Received a gift from Nemelex Xobeh
 84392 | Elf:3    | Identified the +1 robe of Cowardice {Fly rPois SInv Stlth-}
 84410 | Elf:3    | Identified the +0 pair of boots of Ashenzari's Wrath {rF++
                  | Str-4 Int+4}
 84438 | Elf:3    | Identified the +7 shortbow of Gravity {speed, Will+ MP+9
                  | Int+3}
 85085 | Vaults:5 | Entered Level 5 of the Vaults
 86829 | Vaults:5 | Identified the ring of Piubb {Ice rPois Will- Str+6}
 88152 | Vaults:5 | Identified the +8 morningstar of Honour {vorpal, Will+
                  | Dex+4}
 89919 | Vaults:4 | Paralysed by a sphinx for 6 turns
 90587 | Vaults:5 | Received a gift from Nemelex Xobeh
 90633 | Vaults:5 | Got Sif Muna's Handbook of Captivating Dark Arts
 90649 | Vaults:5 | Identified the +11 flail "Calotagh" {drain, Int+3}
 90836 | Vaults:5 | Reached XP level 25. HP: 225/243 MP: 35/35
 90885 | Vaults:5 | Noticed a dread lich
 90892 | Vaults:5 | Paralysed by a dread lich for 2 turns
 90894 | Vaults:5 | Identified the -1 long sword of Pynuneb {flame, Fly Will+
                  | rCorr Str-5}
 90902 | Vaults:5 | Paralysed by a dread lich for 2 turns
 90910 | Vaults:5 | Killed a dread lich
 91130 | Vaults:5 | Received a gift from Nemelex Xobeh
 91132 | Vaults:5 | Identified the +1 scale mail of Fun and Games {rC+}
 91259 | Vaults:5 | Got a silver rune of Zot
 91365 | Vaults:5 | Found the +8 frozen axe "Frostbite" {freezing cloud, *Noise
                  | Fly rC+}
 91526 | Vaults:5 | Noticed a dread lich
 91532 | Vaults:5 | Killed a dread lich
 91765 | Vaults:5 | Received a gift from Nemelex Xobeh
 92139 | Zot:1    | Entered Level 1 of the Realm of Zot
 92263 | Depths:4 | HP: 66/245 [shadow dragon (16)]
 93265 | Zot:1    | Received a gift from Nemelex Xobeh
 93930 | Zot:1    | HP: 79/245 [golden dragon (13)]
 94287 | Zot:2    | Reached skill level 5 in Evocations
 94440 | Zot:2    | Received a gift from Nemelex Xobeh
 95933 | Zot:2    | Identified the +3 plate armour "Amotre" {Will+ Int+6 Dex+3}
 96002 | Zot:2    | Found a runed translucent door.
 96003 | Zot:2    | Noticed mdk's ghost (adept FeSu)
 96436 | Zot:3    | Received a gift from Nemelex Xobeh
 96808 | Zot:2    | Reached XP level 26. HP: 217/256 MP: 36/36
 97292 | Zot:3    | Noticed an orb of fire
 97308 | Zot:3    | Killed an orb of fire
 98760 | Zot:4    | Noticed a Killer Klown
 98815 | Zot:4    | Killed a Killer Klown
 99296 | Zot:5    | Entered Level 5 of the Realm of Zot
 99321 | Zot:5    | Received a gift from Nemelex Xobeh
100228 | Zot:5    | Noticed an orb of fire
100546 | Zot:5    | Killed an orb of fire
100749 | Zot:5    | Identified the +7 long sword of Indomitability {vorpal,
                  | rPois rF+ SInv}
101120 | Zot:5    | Reached skill level 25 in Unarmed Combat
101121 | Zot:5    | Noticed an ancient lich
101122 | Zot:5    | Noticed an orb of fire
101123 | Zot:5    | Noticed an orb of fire
101268 | Zot:5    | Noticed an orb of fire
101301 | Zot:4    | Killed an orb of fire
101472 | Zot:5    | Noticed a Killer Klown
101558 | Zot:5    | Noticed an orb of fire
101564 | Zot:4    | Killed a Killer Klown
101646 | Zot:5    | Noticed an orb of fire
101665 | Zot:4    | Killed an orb of fire
101896 | Zot:4    | Killed an orb of fire
102098 | Zot:4    | Killed an orb of fire
102318 | Zot:5    | Noticed a Killer Klown
102327 | Zot:5    | Killed an orb of fire
102344 | Zot:5    | Killed a Killer Klown
103282 | Zot:5    | Noticed an orb of fire
103302 | Zot:5    | Killed an orb of fire
103350 | Zot:5    | Noticed a Killer Klown
103607 | Zot:5    | Killed a Killer Klown
103633 | Zot:5    | Killed an ancient lich
104502 | Zot:5    | Noticed a Killer Klown
104864 | Zot:5    | Reached skill level 26 in Unarmed Combat
105001 | Zot:4    | Killed a Killer Klown
105386 | Zot:5    | Reached XP level 27. HP: 252/264 MP: 36/36
105410 | Zot:5    | Received a gift from Nemelex Xobeh
106838 | Zot:5    | Got the Orb of Zot
107312 | D:9      | Identified the +3 executioner's axe "Guemp" {elec, MP+9
                  | Int+4}
107388 | D:5      | Noticed Yxeod the pandemonium lord
107404 | D:4      | Noticed Potid the pandemonium lord
107496 | D:1      | woo
107496 | D:1      | didnt fight that 98% evade felid ghost
107496 | D:1      | good rings
107496 | D:1      | nothing else super exciting
107496 | D:1      | card god still good
107497 | D:$      | Escaped with the Orb!

Illustrated notes

##### #....
###.### ##...#
###########....#
#8≈§§§§≈≈8#.(..#
#...§§§...#.#..#
#.........#.#..#
#@...8....'.#..#
#....8....'.#.##
#.........#.#.#
#.........#.#.#
#8≈§≈≈≈§≈8#...#
###########...#
#####


Turn 107496 on D:1: woo

Levels and vault maps discovered:
D:1:      lightli_arrival_noodles, layout_basic, ebering_ecumenical_altar_ruins,
          serial_shops, shop, minmay_tiny_reverse_x
D:2:      layout_loops_ring, serial_glass, glass_columns_a, glass_columns_a,
          serial_shops, shop_fountains, shop
D:3:      layout_loops_ring, nicolae_kikubaaqudgha_miasma_corner,
          grunt_qazlal_clouds, okawaru_trees_2, minmay_shallow_snake_nest,
          uniq_ijyb
D:4:      layout_loops_ring, nrook_uturn, chequers_avenue, st_stairs_10,
          uniq_duvessa
D:5:      layout_basic, serial_shops, nicolae_diamond_shop,
          kennysheep_generic_room_13
D:6:      layout_basic, kennysheep_doodads, minmay_misc_feat_pillars,
          minmay_splitting_lines
D:7:      nicolae_BIG_FREAKIN_CUBE, layout_cave_pools,
          mainiacjoe_overflow_alcove_2, minmay_temple_entry_overgrown,
          enter_bailey_5
D:8:      layout_rooms, mainiacjoe_overflow_concentric_impassable,
          uniq_gastronok, uniq_joseph, uniq_erica
D:9:      gammafunk_indiana_jones, layout_long_grid, gammafunk_ghost_ooze
D:10:     layout_grid_maze, fedhas_altar_1, serial_ice, serial_ice_l,
          serial_ice_m, serial_ice_e, serial_ice_n
D:11:     giant_chief_lemuel, layout_basic, lair_entry_dummy, erik_orc_4,
          yredelemnul_forgotten_temple_becter
D:12:     layout_loops_ring, minivault_23
D:13:     layout_stronghold
D:14:     layout_cave_pools, david_vaults_3, nicolae_ashenzari_panopticon,
          serial_column_ruins, column_ruins_columns_water,
          column_ruins_open_small, column_ruins_open_small,
          column_ruins_open_medium, column_ruins_grid_1,
          column_ruins_columns_corner, minivault_16, roderic_batcave,
          roderic_roman_lattice
D:15:     gammafunk_enter_depths_forms, layout_basic
Lair:1:   layout_gridlike, lemuel_fruit_tree, grunt_megastairs_4
Lair:2:   layout_chaotic_city, minmay_swamp_entry_worms, lemuel_fruit_fields
Lair:3:   layout_roguey, nicolae_spider_entry_orb_guardian, grunt_megastairs_1,
          infiniplex_staircase_pool_2
Lair:4:   layout_roguey, grunt_megastairs_3, serial_bayou_shore_a,
          serial_bayou_shore_b
Lair:5:   layout_gridlike, minmay_slime_entry_pillars
Lair:6:   gammafunk_lair_ancient_temple, layout_big_grid,
          gauntlet_entry_generic, serial_bayou_ford_a
Swamp:1:  layout_basic_swamp, evilmike_swamp_ruin_house_1, swamp_pool3,
          infiniplex_staircase_pool
Swamp:2:  layout_falls_marsh, evilmike_swamp_ruin_house_5
Swamp:3:  nzn_winding_woodlands_cross
          [nzn_winding_woodlands_5x15_river_crossing,
          nzn_winding_woodlands_5x15_lazy_stream,
          nzn_winding_woodlands_5x15_split_checker,
          nzn_winding_woodlands_5x15_default,
          nzn_winding_woodlands_15x15_witchcraft], layout_basic_swamp,
          portal_ice_cave_entry_frozen_things, gammafunk_ghost_hydra_chop,
          hangedman_swamp_ruin_wall, swamp_pool2, hangedman_swamp_blocks,
          nicolae_swamp_no_escape
Swamp:4:  swamp_fiery, layout_basic_swamp, swamp_pool4, roderic_carrion_pond,
          uniq_donald, uniq_mlioglotl
Spider:1: layout_cave_pods, nicolae_spider_webs_and_nodes
Spider:2: layout_chambers
Spider:3: layout_spider_delve
Spider:4: grunt_spider_rune_circles, hellmonk_spider_spawner
Orc:1:    layout_diamond_mine, basic_altar, uniq_jorgrun
Orc:2:    st_orc_ogre_mass, layout_caves, ebering_ghost_inner_flame,
          mines2_david
Elf:1:    minmay_coctagon, layout_gridlike, orc_legates,
          amcnicky_altar_lugonu_corruption, uniq_frances, uniq_azrael
Elf:2:    elven_hall_of_blades_hangedman_alternative
          [nicolae_blade_entry_crossed_weapons], layout_loops_corners,
          basic_altar, minivault_24, glass_columns_b,
          nicolae_elf_variegated_diamond
Elf:3:    elf_hall, layout_loops_cross, ebering_ghost_disaster_area
Vaults:1: nicolae_vaults_ring_of_whatevers, vaults_room_grid, v_misc_18,
          nicolae_vaults_alarming, vaults_dpeg_encased_lava,
          hangedman_vaults_slice, nicolae_vaults_little_squares_5,
          nicolae_vaults_little_squares_6, hangedman_vaults_trim,
          hangedman_vaults_impose, nicolae_vaults_octagons,
          layout_vaults_omnibox, serial_shops, nicolae_shop_stone
Vaults:2: vaults_room_pools, nicolae_vaults_what_the_h, v_rooms_5, v_misc_13,
          nicolae_vaults_little_squares_6, v_misc_12, vaults_room_ringed_pool,
          nicolae_vaults_yaktaur_gun_rack, v_misc_8, v_pattern_2,
          hangedman_vaults_stretched_pinwheel, layout_vaults_ring
Vaults:3: gammafunk_ghost_grave, nicolae_vaults_little_squares_1,
          nicolae_vaults_little_ls, vaults_standard_mumra_enter_the_diamond,
          v_misc_30, vaults_room_mumra_shop_pool,
          vaults_standard_mumra_enter_the_diamond, v_misc_9,
          vaults_mumra_hexcomb, ontoclasm_vaults_loading_screen,
          vaults_dpeg_diagonal, layout_vaults_chaotic_city,
          minmay_crypt_entry_necro_gods
Vaults:4: vaults_dpeg_ring, nicolae_vaults_little_squares_3, v_misc_17,
          ontoclasm_vaults_claustrophobia, nicolae_vaults_big_ls, v_misc_19,
          grunt_vaults_focal, vaults_standard_mumra_enter_the_diamond,
          nicolae_vaults_display_case, hangedman_vaults_snaps,
          vaults_room_hallway, hangedman_vaults_maws, grunt_vaults_twisty,
          grunt_vaults_swirl, layout_vaults_omnicross, uniq_mennas
Vaults:5: serial_shops
Depths:1: layout_cave_shapes, enter_ziggurat_b, hell_entry,
          minmay_misc_feat_tiny, nicolae_elyvilon_peaceful_grove,
          kennysheep_cross_landing
Depths:2: minmay_the_grid_octo_tiled_octocenter [minmay_the_grid_octo_teeth,
          minmay_the_grid_octo_empty, minmay_the_grid_octo_checkered,
          minmay_the_grid_octo_77,
          minmay_the_grid_octo_prize_ultimate_mussel_roller,
          minmay_the_grid_square_5x5_lines, minmay_the_grid_square_5x5_z,
          minmay_the_grid_square_5x5_inset, minmay_the_grid_square_5x5_n_small],
          layout_twisted_cross, hangedman_coc_ice_floe,
          nicolae_uskayaw_dance_hall, grunt_pan_entry_spiral, uniq_mara
Depths:3: minmay_inside_and_out, layout_gridlike, grunt_gozag_breadcrumbs,
          abyss_entry_glasseish, hell_entry, minmay_staircase_bubble,
          firewood_loft
Depths:4: evilmike_zot_entry_diamond, layout_small_grid, minivault_11,
          hell_entry, abyss_entry_crystal, minmay_shoptagon
Zot:1:    layout_misc_corridors
Zot:2:    layout_basic, gammafunk_ghost_grave, grunt_megastairs_5
Zot:3:    layout_misc_corridors
Zot:4:    minmay_elemental_castle, layout_misc_corridors, lemuel_elevator
Zot:5:    layout_onion, st_stairs_13, grunt_ministairs_8, lemuel_baited_zot_trap

Skill      XL: |  1  2  3  4  5  6  7  8  9 10 11 12 13 14 15 16 17 18 19 20 21 22 23 24 25 26 27 |
---------------+----------------------------------------------------------------------------------+-----
Unarmed Combat | 3 4 5 6 7 9 11 12 14 15 16 17 18 20 22 24 26 | 26.5
Invocations    | 1 2 3 4 6 8 9 10 12 14 15 17 18 19 20 21 | 21.8
Armour         | 6 7 8 9 11 12 13 15 16 17 18 19 | 19.1
Fighting       | 6 9 11 13 14 16 17 20 21 22 23 24 | 24.8
Dodging        | 4 9 12 13 14 15 | 15.4
Evocations     | 2 7 |  7.7
Shields        | 3 8 11 12 14 15 16 | 16.2
Throwing       | 2 6 7 9 |  9.2

Action                   |  1- 3 |  4- 6 |  7- 9 | 10-12 | 13-15 | 16-18 | 19-21 | 22-24 | 25-27 || total
-------------------------+-------+-------+-------+-------+-------+-------+-------+-------+-------++-------
Melee: Unarmed           |   117 |   140 |   246 |   452 |  1085 |  1919 |  1773 |  1864 |  1470 ||  9066
Throw: Dart              |       |       |    10 |       |     7 |    13 |    21 |     1 |     1 ||    53
       Boomerang         |       |       |       |       |       |    67 |     6 |     1 |   119 ||   193
       Throwing net      |       |       |       |       |       |       |       |     1 |       ||     1
Invok: Draw Destruction  |     3 |     8 |    16 |    55 |    22 |    57 |    58 |    53 |    21 ||   293
       Draw Summoning    |       |     1 |     2 |     4 |     3 |    12 |     7 |     1 |     7 ||    37
       Draw Escape       |       |       |       |     4 |     6 |     4 |     7 |    14 |     3 ||    38
       Deal Four         |       |       |       |       |       |     2 |       |       |       ||     2
       Triple Draw       |       |       |       |       |       |       |       |     1 |       ||     1
Evoke: Wand              |       |       |       |     4 |     4 |     1 |       |       |     8 ||    17
       Phantom mirror    |       |       |       |       |     1 |       |       |       |       ||     1
  Use: Scroll            |       |     4 |     5 |     2 |    13 |    13 |     3 |     5 |    10 ||    55
       Potion            |       |       |       |     2 |     1 |     2 |     5 |     2 |    11 ||    23
 Stab: Distracted        |       |       |       |       |     1 |       |     2 |       |     2 ||     5
       Petrified         |       |       |       |       |    12 |     1 |       |     8 |       ||    21
       Petrifying        |       |       |       |       |     1 |       |       |       |       ||     1
       Confused          |       |       |       |       |       |     2 |       |       |       ||     2
       Held in net/web   |       |       |       |       |       |       |       |     1 |       ||     1
Armor: Scale mail        |    40 |    57 |    99 |       |       |       |       |       |       ||   196
       Plate armour      |       |       |       |   273 |   766 |  1242 |   847 |   125 |       ||  3253
       Gold dragon scale |       |       |       |       |       |       |       |   861 |   734 ||  1595
Dodge: Dodged            |    36 |    48 |    98 |   128 |   590 |   728 |   528 |   514 |   282 ||  2952
Block: Buckler           |    12 |    19 |    35 |    79 |   216 |       |       |       |       ||   361
       Kite shield       |       |       |       |       |    18 |  1177 |  1037 |  1172 |   666 ||  4070
